 Dungeon Crawl Stone Soup version 0.19-a0-1496-gfc80c20 (webtiles) character file.

1064 Promi the Skirmisher (level 8, -5/71 HPs)
             Began as a Minotaur Fighter on Sept 10, 2016.
             Slain by an ogre
             ... wielding a +0 giant club
              (16 damage)
             ... on level 5 of the Dungeon.
             The game lasted 00:14:21 (4755 turns).

Promi the Skirmisher (Minotaur Fighter)             Turns: 4755, Time: 00:14:21

Health: -5/71      AC:  7    Str: 21 (23) XL:     8   Next: 6%
Magic:  7/7        EV:  8    Int:  5      God:
Gold:   192        SH: 10    Dex:  8 (10) Spells: 0 memorised, 7 levels left

rFire  . . .     SeeInvis .     a - +1 flail
rCold  . . .     Gourm    .     b - +0 scale mail
rNeg   . . .     Faith    .     c - +0 shield
rPois  .         Spirit   .     (helmet restricted)
rElec  .         Dismiss  .     (no cloak)
rCorr  .         Reflect  .     (no gloves)
MR     .....     Harm     .     (no boots)
Stlth  ..........               (no amulet)
                                (no ring)
                                (no ring)

@: no status effects
A: retaliatory headbutt, horns 2
a: no special abilities


You were on level 5 of the Dungeon.
You were hungry.

You visited 1 branch of the dungeon, and saw 5 of its levels.
You also visited: Sewer.

You collected 192 gold pieces.

Inventory:

Hand Weapons
 a - a +1 flail (weapon)
Armour
 b - a +0 scale mail (worn)
 c - a +0 shield (worn)
 l - a cursed +0 plate armour
Wands
 n - a wand of paralysis (20/24)
 o - a wand of polymorph (16/24)
 p - a wand of disintegration (19/24)
Scrolls
 d - a scroll of fog {unknown}
 e - a scroll of blinking
 g - a scroll of fear {unknown}
 h - 2 scrolls of teleportation
 m - a scroll of recharging
 q - a scroll of remove curse
Comestibles
 f - 3 bread rations
 j - a meat ration
 k - a royal jelly


   Skills:
 + Level 6.4 Fighting
 + Level 5.7 Maces & Flails
 + Level 3.9 Throwing
 + Level 6.1 Armour
 + Level 5.9 Shields


You had 7 spell levels left.
You didn't know any spells.

Dungeon Overview and Level Annotations

Branches:
Dungeon (5/15)
 Temple: D:4-7

Altars:
Fedhas
Kikubaaqudgha
Yredelemnul

Annotations:
D:3 1 runed door


Innate Abilities, Weirdness & Mutations

You reflexively headbutt those who attack you in melee.
You have a pair of horns on your head.


Message History

The ogre hits you with a giant club!
You hit the ogre.
The ogre is heavily wounded.
The ogre completely misses you.
You hit the ogre but do no damage.
The ogre is heavily wounded.
You block the ogre's attack.
You completely miss the ogre.
The ogre is heavily wounded.
The ogre closely misses you.
You hit the ogre. Your headbutt misses the ogre.
The ogre is severely wounded.
You barely miss the ogre.
The ogre is severely wounded.
The ogre hits you with a giant club!!
* * * LOW HITPOINT WARNING * * *
You completely miss the ogre.
The ogre is severely wounded.
The ogre hits you with a giant club!
You die...

..........##
##.........#
.#....)....#
...........#
#..........#
##..(......#
##.......##
#.........#
#.....@...#
#.....O...#
#.........#
#.........#
##.....(.##
##.....##
#######


You could see an ogre.

Vanquished Creatures
  Menkaure (D:4)
  Duvessa (D:5)
  An ogre (D:5)
  2 giant frogs (Sewer)
  Dowan (D:5)
  A crimson imp (D:5)
  A centaur skeleton (D:4)
  2 iguanas (D:4)
  4 worker ants
  A hound skeleton (D:4)
  4 gnolls (D:3)
  13 adders
  13 oozes
  4 worms
  3 dart slugs
  13 giant geckos
  2 orcs
  13 ball pythons
  17 giant cockroaches
  6 goblins
  10 hobgoblins
  7 jackals
  2 quokkas
  6 bats
  10 giant newts
  A jackal skeleton (D:5)
  9 kobolds
  10 rats
158 creatures vanquished.

Notes
Turn   | Place    | Note
-------+----------+-------------------------------------------
     0 | D:1      | Promi the Minotaur Fighter began the quest for the Orb.
     0 | D:1      | Reached XP level 1. HP: 19/19 MP: 0/0
   202 | D:1      | Reached XP level 2. HP: 27/27 MP: 1/1
   530 | D:1      | Reached XP level 3. HP: 33/33 MP: 2/2
   587 | D:1      | Reached skill level 1 in Throwing
  1109 | D:2      | Reached XP level 4. HP: 36/40 MP: 3/3
  1692 | D:3      | Noticed a human
  1693 | D:3      | Found a runed door.
  1715 | D:3      | Found a basalt altar of Yredelemnul.
  1746 | D:3      | Found a blossoming altar of Fedhas.
  1766 | D:3      | Found an ancient bone altar of Kikubaaqudgha.
  1788 | D:3      | Reached XP level 5. HP: 8/47 MP: 4/4
  2042 | D:3      | Found a glowing drain.
  2049 | Sewer    | Entered a sewer
  2488 | Sewer    | Reached XP level 6. HP: 49/55 MP: 5/5
  2506 | Sewer    | Reached skill level 5 in Fighting
  2573 | Sewer    | Reached skill level 5 in Armour
  2573 | Sewer    | Reached skill level 5 in Shields
  3439 | D:4      | Noticed Menkaure
  3448 | D:4      | Killed Menkaure
  3448 | D:4      | Reached skill level 5 in Maces & Flails
  3448 | D:4      | Reached XP level 7. HP: 10/62 MP: 6/6
  4351 | D:5      | Entered Level 5 of the Dungeon
  4367 | D:5      | Noticed Duvessa
  4367 | D:5      | Noticed Dowan
  4374 | D:5      | Killed Duvessa
  4383 | D:5      | Killed Dowan
  4383 | D:5      | Reached XP level 8. HP: 28/71 MP: 7/7
  4398 | D:5      | HP: 3/71 [poisoned by an orc wizard]
  4405 | D:4      | HP: 1/71 [poisoned by an orc wizard]
  4412 | D:4      | HP: 1/71 [poisoned by an orc wizard]
  4420 | D:4      | HP: 1/71 [poisoned by an orc wizard]
  4755 | D:5      | Slain by an ogre

Vault maps used:
D:1:      matt_arrival_diagonals
D:2:      first_bread, minmay_heptomino_l4
D:3:      fedhas_altar_1, kiku_gazebo_pond_becter, lightli_sewer_entry_pipes,
          dk_yredelemnul_ordeal
D:4:      minmay_misc_feat_x, uniq_menkaure
D:5:      fiery_altar_vehumet, serial_shops, shop, uniq_duvessa
Sewer:    sewer_frog_island_02

Skill      XL: |  1  2  3  4  5  6  7 |
---------------+----------------------+-----
Fighting       | 4 5 6 |  6.4
Armour         | 4 5 6 |  6.1
Throwing       | 1 2 3 |  3.9
Shields        | 4 5 |  5.9
Maces & Flails | 3 4 5 |  5.7

Action                   |  1- 3 |  4- 6 |  7- 9 || total
-------------------------+-------+-------+-------++-------
Melee: Flail             |    71 |   261 |    83 ||   415
       Headbutt          |    11 |    33 |    13 ||    57
  Use: Scroll            |     4 |     4 |       ||     8
       Potion            |       |     1 |     5 ||     6
  Eat: Chunk             |     1 |     8 |     2 ||    11
       Pizza             |       |       |     1 ||     1
Armor: Scale mail        |    26 |   145 |    19 ||   190
       Skin              |       |     1 |       ||     1
Dodge: Dodged            |    20 |   111 |    21 ||   152
Block: Shield            |    28 |   183 |    36 ||   247
